 Dungeon Crawl Stone Soup version 0.17-a0-1570-g74b7129 (webtiles) character file.

115 Chiseanne the Conjurer (level 4, -5/33 HPs)
             Began as a Demonspawn Wanderer on July 23, 2015.
             Slain by Grinder (9 damage)
             ... on level 3 of the Dungeon.
             The game lasted 00:09:18 (3455 turns).

Chiseanne the Conjurer (Demonspawn Wanderer)        Turns: 3455, Time: 00:09:18

Health: -5/33      AC:  5    Str: 14    XL:     4   Next: 68%
Magic:  8/8        EV: 11    Int: 16    God:
Gold:   63         SH:  0    Dex:  9    Spells: 1 memorised, 8 levels left

rFire  . . .     SeeInvis .     a - +1 whip (elec)
rCold  . . .     Clarity  .     k - +0 leather armour
rNeg   . . .     SustAt   .     (no shield)
rPois  .         Gourm    .     (helmet restricted)
rElec  .         Spirit   .     (no cloak)
rCorr  .         Warding  .     o - +0 pair of gloves
rMut   .         Stasis   .     i - +0 pair of boots
MR     .....                    (no amulet)
Stlth  +.........               (no ring)
                                (no ring)

@: not resistant to hostile enchantments, very unstealthy
A: claws 1, horns 2, screaming 1, spit poison 1
a: Spit Poison


You were on level 3 of the Dungeon.
You were not hungry.

You visited 1 branch of the dungeon, and saw 3 of its levels.

You collected 63 gold pieces.

Inventory:

Hand weapons
 a - a +1 whip of electrocution (weapon)
 j - a +2 vampiric dagger
Missiles
 g - 78 bolts
 n - 24 arrows
Armour
 i - a +0 pair of boots (worn)
 k - a +0 leather armour (worn)
 o - a +0 pair of gloves (worn)
Scrolls
 h - a scroll of teleportation
 s - a scroll of identify
 t - a scroll of enchant armour {unknown}
Potions
 c - a potion of flight {unknown}
 d - a potion of haste {unknown}
 l - a potion of poison {unknown}
 q - a potion of berserk rage {unknown}
Books
 b - the Grimoire of the Mountains

   Spells                             Type                      Level
   a - Sandblast                      Earth                        1
   b - Passwall                       Transmutation/Earth          3
 e - a book of Minor Magic

   Spells                             Type                      Level
   a - Magic Dart                     Conjuration                  1
   b - Blink                          Translocation                2
   c - Call Imp                       Summoning                    2
   d - Repel Missiles                 Charms/Air                   2
   e - Slow                           Hexes                        2
   f - Conjure Flame                  Conjuration/Fire             3
   g - Mephitic Cloud                 Conjuration/Poison/Air       3
Comestibles
 f - 3 bread rations
 m - 2 beef jerkies
 r - 2 chunks of flesh


   Skills:
 - Level 2.1 Fighting
   Level 1.0 Long Blades
 - Level 1.0 Throwing
 - Level 1.7 Dodging
 - Level 1.0 Stealth
 * Level 3.1 Spellcasting
 - Level 5.0 Conjurations


You had 8 spell levels left.
You knew the following spells:

 Your Spells              Type           Power        Failure   Level  Hunger
a - Magic Dart            Conj           ###.         3%          1    None


Dungeon Overview and Level Annotations

Branches:
Dungeon (3/15)

Altars:
Ashenzari
Elyvilon
Okawaru
Ru
Xom

Annotations:
D:3 Grinder


Innate Abilities, Weirdness & Mutations

You have a pair of horns on your head.
You have sharp fingernails.
You occasionally shout uncontrollably at your foes.
You can spit weak poison.


Message History

You closely miss Grinder.
Grinder is lightly wounded.
Grinder hits you but does no damage.
You barely miss Grinder. You headbutt Grinder.
Grinder is lightly wounded.
Grinder hits you!
You writhe in agony.
Drink which item? (? for menu, Esc to quit)
You feel better. Grinder hits you.
You writhe in agony.
You barely miss Grinder. Your headbutt misses Grinder.
Grinder is lightly wounded.
Grinder hits you but does no damage.
You hit Grinder but do no damage.
There is a sudden explosion of sparks!
Grinder is moderately wounded.
Grinder gestures at you. Pain shoots through your body!
* * * LOW HITPOINT WARNING * * *
You hit Grinder.
Grinder is heavily wounded.
Grinder hits you!
You die...

#.#...# ###
#.#.###.# #.
######.#.....# #.
##....#.#.#####.# #.
#...............# #.
#.....#.#.####### #.
#.....#.#.# #.
#.5.......# #.
#..@..#.###########.
#.....#.............
#.....##############
#.....# #.....
#.##.## #.###. #.
#.# #. #. #.# #. #.
#.# #. #.. #.


You could see Grinder.

Vanquished Creatures
  Natasha (D:3)
  3 adders
  An ooze (D:3)
  3 worms
  8 bats
  5 giant cockroaches
  2 hobgoblins
  9 kobolds
  10 goblins
  12 rats
54 creatures vanquished.

Vanquished Creatures (others)
  A giant gecko (D:1)
  A giant newt (D:1)
  2 kobolds (D:1)
  A rat (D:1)
5 creatures vanquished.

Grand Total: 59 creatures vanquished

Notes
Turn   | Place    | Note
--------------------------------------------------------------
     0 | D:1      | Chiseanne the Demonspawn Wanderer began the quest for the Orb.
     0 | D:1      | Chiseanne set off with: a book of Minor Magic, the Grimoire of the Mountains, a scroll of teleportation, a +0 robe, a +0 club, a bread ration
     0 | D:1      | Reached XP level 1. HP: 15/15 MP: 1/1
     5 | D:1      | Identified the Grimoire of the Mountains
   766 | D:1      | Gained mutation: You occasionally shout uncontrollably at your foes. [potion of mutation]
   766 | D:1      | Gained mutation: You can spit weak poison. [potion of mutation]
   766 | D:1      | Gained mutation: You have sharp fingernails. [potion of mutation]
   768 | D:1      | Gained mutation: You have a pair of small horns on your head. [demonic ancestry]
   768 | D:1      | Reached XP level 2. HP: 2/21 MP: 2/2
  1698 | D:1      | Learned a level 1 spell: Magic Dart
  1968 | D:2      | Gained mutation: You have a pair of horns on your head. [demonic ancestry]
  1968 | D:2      | Reached XP level 3. HP: 24/27 MP: 1/4
  2149 | D:2      | Reached skill level 1 in Spellcasting
  2712 | D:2      | Found a shattered altar of Ashenzari.
  2712 | D:2      | Found a shimmering altar of Xom.
  2857 | D:3      | Found a white marble altar of Elyvilon.
  2859 | D:3      | Found a sacrificial altar of Ru.
  2936 | D:3      | Found an iron altar of Okawaru.
  3015 | D:3      | Noticed Natasha
  3023 | D:3      | Killed Natasha
  3023 | D:3      | Reached XP level 4. HP: 33/33 MP: 0/7
  3438 | D:3      | Noticed Grinder
  3438 | D:3      | Paralysed by Grinder for 5 turns
  3455 | D:3      | Slain by Grinder

Vault maps used:
D:1:      shiori_arrival_oz, kennysheep_crisscross, grunt_decor_cap,
          minivault_14, roderic_greek_sauvastika
D:2:      minitemple, first_bread
D:3:      grunt_temple_overflow_open, led_sif_book, uniq_sigmund, uniq_natasha,
          uniq_grinder

Action                   |  1- 3 |  4- 6 || total
-------------------------+-------+-------++-------
Melee: Club              |   100 |       ||   100
       Whip              |    24 |    14 ||    38
 Cast: Magic Dart        |    44 |    17 ||    61
 Abil: Spit Poison       |    16 |     1 ||    17
  Use: Scroll            |     5 |     1 ||     6
       Potion            |     1 |     2 ||     3
 Stab: Sleeping          |     1 |       ||     1
  Eat: Chunk             |     9 |     1 ||    10
